 Dungeon Crawl Stone Soup version 5.6-27-g44b401c (webtiles) character file.

62 stpyramids the Unflinching (level 12, -2/81 HPs) *CASUAL*
             Began as a Gargoyle Monk on July 10, 2018.
             Was a Believer of the Shining One.
             Slain by a death yak (8 damage)
             ... on level 10 of the Dungeon.
             The game lasted 00:10:49 (9779 turns).

stpyramids the Unflinching (Gargoyle Monk)          Turns: 9779, Time: 00:10:49

Health: -2/81      AC: 18 (37%)Str: 20  XL:     12   Next: 47%
Magic:  20/20      EV: 21    Int: 16    God:    the Shining One [2*[72]]
Gold:   598        SH:  0    Dex: 12    Spells: 21/21 levels left

rFire    . . .     SeeInvis .   x - +0 quarterstaff
rCold    . . .     Faith    .   (shield currently unavailable)
rNeg     + + .     Spirit   .   C - +0 troll leather armour
rPois    ∞         Reflect  .   (no helmet)
rElec    +                      (no cloak)
rCorr    .                      h - +1 pair of gloves
MR       .....                  v - +0 pair of boots
Stlth    +.........             (no amulet)
Regen    0.7/turn               e - +3 ring of evasion
MPRegen  0.3/turn               o - +6 ring of evasion

@: flying, very slightly contaminated, hasted, glowing, very quick
A: big wings, claws 1, clever, negative energy resistance 1, electricity
resistance, unbreathing, petrification resistance, rot immunity, subdued magic
1, sturdy frame, AC +8
a: Stop Flying, Divine Shield, Renounce Religion


You were on level 10 of the Dungeon.
You worshipped the Shining One.
The Shining One was pleased with you.
You were not hungry.

You visited 1 branch of the dungeon, and saw 10 of its levels.

You collected 598 gold pieces.

Inventory:

Hand Weapons
 a - a +0 mace
 f - a +0 flail
 m - a +0 shortbow
 x - a +0 quarterstaff (weapon)
 y - a +0 longbow
Missiles
 d - 392 tomahawks (quivered)
Armour
 b - a +0 robe
 h - a +1 pair of gloves (worn)
 i - a +0 leather armour
 v - a +0 pair of boots (worn)
 C - a +0 troll leather armour (worn)
Magical Staves
 q - an uncursed staff of air
Jewellery
 e - a +3 ring of evasion (left hand)
 o - a +6 ring of evasion (right hand)
 r - an uncursed ring of ice
Wands
 w - a wand of disintegration (5)
 B - a wand of flame (8)
Scrolls
 c - 2 scrolls of amnesia
 g - 2 scrolls of fog
 l - 3 scrolls of magic mapping
 s - 3 scrolls of immolation
 t - 2 scrolls of fear
 A - a scroll of vulnerability
Potions
 j - a potion of lignification
 k - 4 potions of flight
 n - a potion of ambrosia
 p - a potion of invisibility
 u - a potion of haste
 z - a potion of heal wounds


   Skills:
 - Level 12.0 Fighting
 - Level 9.8 Maces & Staves
 - Level 9.8 Armour
 - Level 2.4 Dodging
 - Level 2.1 Stealth
 + Level 12.4 Invocations


You had 21 spell levels left.
You didn't know any spells.
Your spell library contained the following spells:

 Spells                   Type           Power        Failure   Level  Hunger
 Conjure Flame            Fire/Air       0 (100)      54%         3    N/A
 Controlled Blink         Tloc           N/A          100%        8    N/A
 Freezing Cloud           Ice/Air        0 (200)      100%        6    N/A
 Mephitic Cloud           Hex/Air        0 (100)      92%         4    N/A
 Ring of Flames           Chrm/Fire      0 (200)      100%        7    N/A
 Ozocubu's Armour         Chrm/Ice       0 (100)      92%         4    N/A
 Regeneration             Chrm/Necr      0 (200)      54%         3    N/A
 Dispersal                Tloc           0 (200)      100%        6    N/A
 Disjunction              Tloc           0 (200)      100%        8    N/A
 Force Lance              Tloc/Erth      0 (100)      54%         3    N/A
 Infusion                 Chrm           0 (25)       22%         1    N/A
 Song of Slaying          Chrm           0 (100)      32%         2    N/A
 Spectral Weapon          Chrm/Summ      0 (100)      100%        5    N/A
 Piercing Shot            Chrm/Tloc      0 (200)      100%        5    N/A

Dungeon Overview and Level Annotations

Branches:
Dungeon (10/15)

Altars:
Cheibriados
Dithmenos
Elyvilon
Gozag
Jiyva
Kikubaaqudgha
Lugonu
Makhleb
Nemelex Xobeh
Okawaru
Qazlal
Ru
Sif Muna
Trog
Uskayaw
Vehumet
Wu Jian
Xom
Yredelemnul
Zin
The Shining One


Innate Abilities, Weirdness & Mutations

You are resistant to torment.
Your stone body is resilient. (AC +8)
You are immune to poison.
You resist negative energy. (rN+)
You are resistant to electric shocks. (rElec)
You can survive without breathing.
You are immune to petrification.
You are immune to rotting.
Your large and strong wings let you fly indefinitely.
You have sharp fingernails.
Your mind is acute. (Int +5)
Your spells are a little easier to cast, but a little less powerful.
Your movements are less encumbered by armour. (ER -6)


Message History

The death yak is heavily wounded.
The death yak gores you but does no damage.
You hit the death yak (4).
The death yak is heavily wounded.
You hit the death yak but do no damage.
The death yak is heavily wounded.
The death yak gores you (21)!!
* * * LOW HITPOINT WARNING * * *
You thump the death yak (17)!
The death yak is almost dead.
You hit the death yak (1).
The death yak is almost dead.
The death yak gores you (12)!
* * * LOW HITPOINT WARNING * * *
You hit the death yak (6).
The death yak is almost dead.
You hit the death yak but do no damage.
The death yak is almost dead.
The death yak gores you (8)!
You die...

#.# ##....### #.#
#.......# ## ####.#
##.....## ###.###.##.#
#.....# ...........#
#.....## ...........##
#...)..#
...........P#####.....##
...........###........#
Y...P.....Y@.........##
######..#############
##..# #...## ##...#
#..## ####


You could see a death yak.

Vanquished Creatures
  A two-headed ogre (D:8)
  2 death yaks (D:10)
  Joseph (D:8)
  Psyche (D:8)
  2 spiny frogs
  3 trolls
  Grinder (D:7)
  10 yaks
  A black mamba skeleton (D:8)
  An angry ghost (D:10)
  2 water moccasins
  2 ice beasts
  2 orc warriors
  A black bear (D:8)
  2 ogres
  6 centaurs
  3 bullfrogs
  A water moccasin skeleton (D:7)
  2 scorpions (D:7)
  12 killer bees
  2 howler monkeys
  A centaur zombie (D:8)
  4 hounds
  An orc priest (D:5)
  2 jellies
  5 orc wizards
  Jessica (D:3)
  3 worker ants
  4 iguanas
  A killer bee zombie (D:8)
  2 hound skeletons (D:4)
  A howler monkey zombie (D:5)
  A gnoll (D:5)
  15 adders
  2 shadow imps
  An adder skeleton (D:4)
  3 dart slugs
  14 orcs
  10 quokkas
  A ball python (D:2)
  3 giant cockroaches (D:2)
  5 goblins
  3 hobgoblins
  16 kobolds
  4 bats
  5 frilled lizards
  10 rats
176 creatures vanquished.

Vanquished Creatures (others)
  2 plants (D:10)
2 creatures vanquished.

Grand Total: 178 creatures vanquished

Notes
Turn   | Place    | Note
-------+----------+-------------------------------------------
     0 | D:1      | stpyramids the Gargoyle Monk began the quest for the Orb.
     0 | D:1      | Reached XP level 1. HP: 14/14 MP: 2/2
   314 | D:1      | Reached XP level 2. HP: 19/19 MP: 3/3
   651 | D:1      | Reached XP level 3. HP: 23/23 MP: 5/5
  1151 | D:1      | Gained mutation: Your mind is acute. (Int +5) [mutagenic hatch]
  1164 | D:2      | Reached XP level 4. HP: 9/28 MP: 7/7
  1483 | D:2      | Reached skill level 5 in Maces & Staves
  1664 | D:2      | Found a faded altar of an unknown god.
  1713 | D:2      | Reached XP level 5. HP: 31/32 MP: 8/8
  1864 | D:2      | Found a stormy altar of Qazlal.
  1887 | D:2      | Found a viscous altar of Jiyva.
  2564 | D:3      | Found a hide-covered altar of Uskayaw.
  2564 | D:3      | Noticed a hand axe
  2564 | D:3      | Noticed a hand axe
  2593 | D:3      | Reached XP level 6. HP: 26/37 MP: 10/10
  3002 | D:3      | Found a white marble altar of Elyvilon.
  3222 | D:3      | Noticed Jessica
  3347 | D:3      | Killed Jessica
  3347 | D:3      | Reached XP level 7. HP: 41/41 MP: 11/11
  3656 | D:4      | HP: 2/41 [iguana (9)]
  3943 | D:4      | Found a radiant altar of Vehumet.
  4060 | D:4      | Found a bloodstained altar of Trog.
  4283 | D:4      | Found a shadowy altar of Dithmenos.
  4617 | D:4      | Gained mutation: You have sharp fingernails. [mutagenic hatch]
  4617 | D:5      | Entered Level 5 of the Dungeon
  4624 | D:5      | Found a shimmering altar of Xom.
  4660 | D:5      | Reached XP level 8. HP: 23/46 MP: 13/13
  4933 | D:5      | Found a sacrificial altar of Ru.
  4943 | D:5      | Found a snail-covered altar of Cheibriados.
  5403 | D:5      | Reached skill level 5 in Armour
  5505 | D:6      | Reached XP level 9. HP: 31/51 MP: 15/15
  5773 | D:6      | Found a sparkling altar of Nemelex Xobeh.
  5773 | D:6      | Found an opulent altar of Gozag.
  5776 | D:6      | Found a burning altar of Makhleb.
  5780 | D:6      | Found an ornate altar of the Wu Jian Council.
  5781 | D:6      | Found a glowing golden altar of the Shining One.
  5782 | D:6      | Found an ancient bone altar of Kikubaaqudgha.
  5782 | D:6      | Found a glowing silver altar of Zin.
  5830 | D:6      | Became a worshipper of the Shining One
  5830 | D:6      | Reached * piety under the Shining One
  5830 | D:6      | Reached ** piety under the Shining One
  5933 | D:6      | Found a corrupted altar of Lugonu.
  5933 | D:6      | Found a basalt altar of Yredelemnul.
  5974 | D:6      | Found an iron altar of Okawaru.
  6145 | D:6      | Found a deep blue altar of Sif Muna.
  6157 | D:6      | Gained mutation: Your spells are a little easier to cast, but a little less powerful. [mutagenic hatch]
  6452 | D:7      | Found a white marble altar of Elyvilon.
  6560 | D:7      | Reached skill level 5 in Fighting
  6605 | D:7      | Noticed Grinder
  6626 | D:7      | Killed Grinder
  6626 | D:7      | Reached XP level 10. HP: 61/61 MP: 16/16
  7104 | D:8      | Noticed Psyche
  7113 | D:8      | Killed Psyche
  7288 | D:8      | Noticed Joseph
  7312 | D:8      | Killed Joseph
  7312 | D:8      | Reached skill level 10 in Fighting
  7583 | D:8      | Noticed a two-headed ogre
  7594 | D:8      | Killed a two-headed ogre
  7594 | D:8      | Reached XP level 11. HP: 54/76 MP: 18/18
  8502 | D:8      | Gained mutation: Your movements are less encumbered by armour. (ER -6) [mutagenic hatch]
  8517 | D:9      | Reached skill level 5 in Invocations
  9283 | D:9      | Gained mutation: Your large and strong wings let you fly indefinitely. [mutagenic hatch]
  9283 | D:10     | Entered Level 10 of the Dungeon
  9421 | D:10     | Reached skill level 10 in Invocations
  9422 | D:10     | Reached XP level 12. HP: 66/81 MP: 20/20
  9728 | D:10     | Noticed a death yak
  9729 | D:10     | Noticed a death yak
  9746 | D:10     | Noticed a death yak
  9752 | D:10     | Killed a death yak
  9767 | D:10     | Killed a death yak
  9779 | D:10     | Slain by a death yak

Skill      XL: |  1  2  3  4  5  6  7  8  9 10 11 12 |
---------------+-------------------------------------+-----
Maces & Staves | 4 5 6 7 9 |  9.8
Armour         | 6 9 |  9.8
Fighting       | 6 12 | 12.0
Invocations    | 10 12 | 12.4
Dodging        | |  2.4
Stealth        | |  2.1

Action                   |  1- 3 |  4- 6 |  7- 9 | 10-12 || total
-------------------------+-------+-------+-------+-------++-------
Melee: Mace              |    64 |   226 |   162 |       ||   452
       Flail             |       |       |   183 |    80 ||   263
       Quarterstaff      |       |       |       |   226 ||   226
Throw: Tomahawk          |       |     4 |     4 |     7 ||    15
 Abil: Fly               |       |       |       |     1 ||     1
  Use: Potion            |       |       |     2 |     2 ||     4
       Scroll            |       |       |     3 |       ||     3
 Stab: Sleeping          |     7 |     7 |     6 |       ||    20
Armor: Robe              |    16 |    35 |       |       ||    51
       Leather armour    |       |    40 |    91 |    56 ||   187
       Troll leather arm |       |       |       |     7 ||     7
Dodge: Dodged            |    33 |   180 |   323 |   281 ||   817
